 Dungeon Crawl Stone Soup version 0.24.0-123-gd5b16e6ec5 (webtiles) character file.

Game seed: 15689655901288581789, levelgen mode: deterministic

190 Androl the Poker (level 5, 0/44 HPs)
             Began as a Ghoul Gladiator on Feb 6, 2020.
             Was an Initiate of Makhleb.
             Killed by divine providence
             ... invoked by an orc priest
              (17 damage)
             ... on level 3 of the Dungeon.
             The game lasted 00:08:54 (2180 turns).

Androl the Poker (Ghoul Gladiator)                  Turns: 2180, Time: 00:08:54

Health: 0/44       AC:  4    Str: 18    XL:     5   Next: 69%
Magic:  4/4        EV: 11    Int:  4    God:    Makhleb [......]
Gold:   50         SH:  0    Dex: 10    Spells: 4/4 levels left

rFire    . . .     SeeInvis .   a - +0 trident
rCold    + . .     Gourm    .   (no shield)
rNeg     + + +     Faith    .   b - +0 leather armour
rPois    ∞         Spirit   .   c - +0 helmet
rElec    .         Reflect  .   (no cloak)
rCorr    .         Harm     .   (no gloves)
MR       .....                  (no boots)
Stlth    +.........             (no amulet)
HPRegen  0.00/turn              (no ring)
MPRegen  0.09/turn              (no ring)

@: rotting
A: rotting body, claws 1, carnivore, cold resistance 1, negative energy
resistance 3, inhibited regeneration, torment resistance, unbreathing
a: Renounce Religion


You were on level 3 of the Dungeon.
You worshipped Makhleb.
Makhleb was noncommittal.
You were not hungry.

You visited 1 branch of the dungeon, and saw 3 of its levels.

You collected 50 gold pieces.

Inventory:

Hand Weapons
 a - a +0 trident (weapon)
 h - a +2 hunting sling of velocity
Missiles
 d - a throwing net (quivered)
 k - 50 arrows
 o - 93 stones
 q - 11 poisoned darts
Armour
 b - a +0 leather armour (worn)
 c - a +0 helmet (worn)
 p - a +0 ring mail
Scrolls
 g - a scroll of immolation {unknown}
 i - a scroll of teleportation
 j - a scroll of fog {unknown}
 m - a scroll of enchant armour {unknown}
Potions
 e - 3 potions of flight
 l - a potion of mutation
Comestibles
 f - 5 rations


   Skills:
 + Level 2.9(1.4) Fighting
 + Level 4.0(2.0) Polearms
 + Level 0.3(0.8) Slings
 - Level 2.5(1.2) Throwing
 + Level 1.4(0.7) Armour
 + Level 3.4(1.7) Dodging
 + Level 0.4(0.2) Stealth
 * Level 0.1(0.0) Invocations


You had 4 spell levels left.
You didn't know any spells.
Your spell library was empty.

Dungeon Overview and Level Annotations

Branches:
Dungeon (3/15)

Altars:
Ashenzari
Makhleb


Innate Abilities, Weirdness & Mutations

Your body is rotting away.
You thrive on raw meat.
You are immune to poison.
You have sharp fingernails.
You are carnivorous and can eat meat at any time.
Your flesh is cold resistant. (rC+)
You are immune to negative energy. (rN+++)
You do not regenerate when monsters are visible.
You are immune to unholy pain and torment.
You can survive without breathing.


Message History

You hit the orc priest.
The orc priest is severely wounded.
The orc priest miscasts a cantrip.
The adder closely misses you. The orc priest hits you with a +0 whip.
The orc priest mumbles some strange prayers to Beogh against you.
Beogh smites you!
You closely miss the adder. The adder closely misses you. The adder bites you.
* * * LOW HITPOINT WARNING * * *
You hit the adder but do no damage. The adder barely misses you.
The orc priest casts a cantrip, but nothing happens.
The adder bites you.
* * * LOW HITPOINT WARNING * * *
You feel better.
The orc priest looks satisfied for a moment.
The adder bites you.
Your leather armour prevents you from hitting the adder.
The adder bites you but does no damage.
The orc priest mumbles some strange prayers to Beogh against you.
Beogh smites you!
You die...

#.. #.............#.##.#
#.. ##########....#.##.#
. #.# #.#.#.###.# ##.#
#.#.#.#.##.#
#.#$#.#.#.#.###.#
##.#.#.#)#.#.##.####
..####.#.#.#.#.#.#......#
..#...#.#.#.#.#.#.#..##.#
.....[r#.#@#.#.#.##..##.#
......#.#S#.#.#.#.#..##.#
.(.....#o#.#.#.#.#......#
#...#)#)#.#.#.#.#.#####
#.!((#.#.#.#.#.##.#
..(#)#.#.#.#.#.#.#
o.(.(.........##.##.#
.####'#.......# .##.#
#.#.......# ##.#


You could see an orc priest and an adder.

Vanquished Creatures
  A crimson imp (D:2)
  Natasha (thrice) (D:2)
  4 adders
  An ooze (D:1)
  2 worms (D:2)
  4 orcs (D:3)
  A ball python (D:1)
  3 bats
  2 giant cockroaches
  5 goblins
  3 hobgoblins (D:1)
  2 kobolds
  A frilled lizard (D:1)
  2 rats (D:1)
34 creatures vanquished.

Notes
Turn   | Place    | Note
-------+----------+-------------------------------------------
     0 | D:1      | Androl the Ghoul Gladiator began the quest for the Orb.
     0 | D:1      | Reached XP level 1. HP: 17/17 MP: 0/0
   124 | D:1      | Reached skill level 3 in Polearms
   124 | D:1      | Reached XP level 2. HP: 16/24 MP: 1/1
   922 | D:2      | Found a shattered altar of Ashenzari.
   925 | D:2      | Became a worshipper of Ashenzari the Shackled
   945 | D:2      | Reached XP level 3. HP: 25/29 MP: 2/2
  1005 | D:2      | Noticed Natasha
  1014 | D:2      | Killed Natasha
  1135 | D:2      | Noticed Natasha
  1157 | D:2      | Killed Natasha
  1157 | D:2      | Reached XP level 4. HP: 8/37 MP: 3/3
  1449 | D:2      | Reached skill level 1 in Armour
  1791 | D:2      | Noticed Natasha
  1801 | D:2      | Killed Natasha
  1801 | D:2      | Reached XP level 5. HP: 34/44 MP: 4/4
  1990 | D:2      | Found a burning altar of Makhleb.
  2006 | D:2      | Fell from the grace of Ashenzari
  2006 | D:2      | Became a worshipper of Makhleb the Destroyer
  2144 | D:3      | Reached skill level 4 in Polearms
  2180 | D:3      | Killed from afar by an orc priest

Levels and vault maps discovered:
D:1:      minmay_arrival_semitransparent, layout_basic, minmay_tetromino_i2
D:2:      layout_basic, overflow_temple_1_default, makhleb_grotto_becter,
          uniq_natasha
D:3:      layout_basic, marbit_many_paths, lemuel_doored_altar, first_ration,
          minivault_23

Skill      XL: |  1  2  3  4  5 |
---------------+----------------+-----
Polearms       | 3 4 |  4.0
Dodging        | 3 |  3.4
Throwing       | 2 |  2.5
Armour         | 1 |  1.4
Fighting       | |  2.9
Slings         | |  0.3
Stealth        | |  0.4
Invocations    | |  0.1

Action                   |  1- 3 |  4- 6 || total
-------------------------+-------+-------++-------
Melee: Trident           |    69 |    75 ||   144
 Fire: Hunting sling     |       |    14 ||    14
Throw: Throwing net      |       |     2 ||     2
  Use: Scroll            |       |     2 ||     2
       Potion            |       |     4 ||     4
  Eat: Chunk             |     4 |     2 ||     6
Armor: Leather armour    |    17 |    27 ||    44
Dodge: Dodged            |    55 |    47 ||   102
